 Dungeon Crawl Stone Soup version 0.21.1-1-g345015f (webtiles) character file.

46 kae the Insei (level 3, -1/26 HPs)
             Began as a Demonspawn Transmuter on May 21, 2018.
             Slain by a gnoll
             ... wielding a +0 whip
              (8 damage)
             ... on level 2 of the Dungeon.
             The game lasted 00:01:13 (950 turns).

kae the Insei (Demonspawn Transmuter)                Turns: 950, Time: 00:01:14

Health: -1/26      AC:  4    Str: 10    XL:     3   Next: 46%
Magic:  6/6        EV: 17    Int: 14    God:
Gold:   35         SH:  0    Dex: 19    Spells: 0/6 levels left

rFire    . . .     SeeInvis .     - Unarmed
rCold    . . .     Gourm    .   (no shield)
rNeg     . . .     Faith    .   b - +0 robe
rPois    .         Spirit   .   (no helmet)
rElec    .         Reflect  .   (no cloak)
rCorr    .         Harm     .   (no gloves)
MR       .....                  (no boots)
Stlth    +++.......             (no amulet)
HPRegen  0.08/turn              (no ring)
MPRegen  0.10/turn              (no ring)

@: agile, very slightly contaminated
A: icy blue scales 1
a: no special abilities


You were on level 2 of the Dungeon.
You were hungry.

You visited 1 branch of the dungeon, and saw 2 of its levels.

You collected 35 gold pieces.

Inventory:

Missiles
 a - 52 arrows
Armour
 b - a +0 robe (worn)
Scrolls
 f - a scroll of remove curse {unknown}
 g - a scroll of identify {unknown}
Books
 c - a book of Changes

   Spells                             Type                      Level
   a - Beastly Appendage              Transmutation                1
   b - Sticks to Snakes               Transmutation                2
   c - Spider Form                    Transmutation/Poison         3
   d - Ice Form                       Ice/Transmutation            4
   e - Blade Hands                    Transmutation                5
Comestibles
 d - 4 rations


   Skills:
 + Level 1.5 Fighting
 - Level 1.7 Dodging
 * Level 3.2 Unarmed Combat
 + Level 2.3 Spellcasting
 * Level 2.5 Transmutations


You couldn't memorise any spells.
You knew the following spells:

 Your Spells              Type           Power        Failure   Level  Hunger
a - Beastly Appendage     Tmut           #.....       9%          1    #......
b - Sticks to Snakes      Tmut           #.......     12%         2    ###....
c - Spider Form           Tmut/Pois      #.........   38%         3    ###....


Dungeon Overview and Level Annotations

Branches:
Dungeon (2/15)

Altars:
Ru


Innate Abilities, Weirdness & Mutations

You are partially covered in icy blue scales. (AC +2)


Message History

The gnoll misses you.
You hit the gnoll.
The gnoll is almost dead.
The gnoll hits you with a club.
* * * LOW HITPOINT WARNING * * *
You hit the gnoll.
You kill the gnoll!
You hit the gnoll.
The gnoll is moderately wounded.
The gnoll closely misses you.
You hit the gnoll.
The gnoll is heavily wounded.
The gnoll misses you.
You barely miss the gnoll.
The gnoll is heavily wounded.
The gnoll closely misses you.
You hit the gnoll.
The gnoll is almost dead.
The gnoll hits you with a whip!
You die...

......#..# #...##.<.# #.##....#
#.......## #.....#.# #...##.##
.#####.g####.# ##.###.#
...#........# #g# #.# #.#
....#..####..# #g# #.# #.#
...#..# #.g# #.# #.# #.#
##..#..####..####g# #.###.#####
#.gg#..........@gg# #..........
#...##.####..#.#### #####[##.##
##......## #..#.g# #.≈≈≈≈≈
.........#######g##########.≈###≈
......g...#........gg.#.....≈≈≈≈≈
####.##..##.####w####.#.....≈≈#≈≈
.....g..(.#.#...l...#.#.....≈≈# ≈
####......#.#.##.##.#g#.####≈≈#
####..w#.#.#...#.#g#.# ≈≈≈≈≈


You could see 3 gnolls.

Vanquished Creatures
  A gnoll (D:2)
  A worm (D:2)
  3 dart slugs
  A ball python (D:1)
  4 bats (D:1)
  A giant cockroach (D:1)
  5 goblins (D:1)
  4 hobgoblins (D:1)
  A kobold (D:1)
  3 frilled lizards
  2 rats (D:1)
26 creatures vanquished.

Notes
Turn   | Place    | Note
-------+----------+-------------------------------------------
     0 | D:1      | kae the Demonspawn Transmuter began the quest for the Orb.
     0 | D:1      | Reached XP level 1. HP: 15/15 MP: 3/3
    94 | D:1      | Gained mutation: You are partially covered in icy blue scales. (AC +2) [demonic ancestry]
    94 | D:1      | Reached XP level 2. HP: 17/21 MP: 3/5
   174 | D:1      | Reached skill level 3 in Unarmed Combat
   748 | D:1      | Reached XP level 3. HP: 26/26 MP: 4/6
   760 | D:1      | Learned a level 2 spell: Sticks to Snakes
   764 | D:1      | Learned a level 3 spell: Spider Form
   827 | D:2      | Found a sacrificial altar of Ru.
   950 | D:2      | Slain by a gnoll

Skill      XL: |  1  2 |
---------------+-------+-----
Transmutations | 2 |  2.5
Unarmed Combat | 3 |  3.2
Fighting       | |  1.5
Dodging        | |  1.7
Spellcasting   | |  2.3

Action                   || total
-------------------------++-------
Melee: Unarmed           ||    85
       Kick              ||     4
       Headbutt          ||     4
 Cast: Beastly Appendage ||     7
  Use: Potion            ||     2
 Stab: Sleeping          ||     1
Armor: Robe              ||    24
Dodge: Dodged            ||    58
